 Dungeon Crawl Stone Soup version 0.29-a0-284-gf9362112df (webtiles) character file.

Game seed: 17226115436485671493

6687 ReploidZero the Grappler (level 10, -4/102 HPs)
             Began as a Troll Gladiator on Mar 15, 2022.
             Was a Believer of Uskayaw.
             Killed from afar by an acid dragon (21 damage)
             ... with a splash of acid
             ... on level 10 of the Dungeon.
             The game lasted 00:17:13 (7911 turns).

ReploidZero the Grappler (Troll Gladiator)          Turns: 7911, Time: 00:17:14

Health: -4/102     AC:  9    Str: 28    XL:     10   Next: 73%
Magic:  12/12      EV: 12    Int:  4    God:    Uskayaw [**....]
Gold:   632        SH:  0    Dex: 13    Spells: 9/9 levels left

rFire   . . .      SeeInvis .     - Unarmed
rCold   . . .      Faith    .   (no shield)
rNeg    . . .      Spirit   .   a - +0 robe
rPois   .          Reflect  .   b - +1 hat
rElec   .          Harm     .   (no cloak)
rCorr   .          Rampage  .   (gloves unavailable)
Will    .....                   (boots unavailable)
Stlth   +.........              (no amulet)
HPRegen 1.07/turn               e - +4 ring of protection
MPRegen 0.13/turn               (no ring)

@: studying Shields
A: large, unfitting armour, claws 3, regeneration 1, shaggy fur 1, tough skin 1,
strong 1
a: Renounce Religion, Stomp, Line Pass


You were on level 10 of the Dungeon.
You worshipped Uskayaw.
Uskayaw was noncommittal.
You visited 2 branches of the dungeon, and saw 11 of its levels.

You collected 632 gold pieces.

Inventory:

Missiles
 d - a throwing net
 g - a large rock
 k - 11 boomerangs (quivered)
Armour
 a - a +0 robe (worn)
 b - a +1 hat (worn)
Jewellery
 e - a +4 ring of protection (left claw)
 q - a ring of flight
Wands
 s - a wand of flame (30)
 x - a wand of polymorph (5)
Scrolls
 c - 2 scrolls of identify
 f - 3 scrolls of teleportation
 h - 2 scrolls of immolation
 i - a scroll of fear
 m - 3 scrolls of enchant armour
 o - 2 scrolls of enchant weapon
 v - a scroll of silence
 y - a scroll of summoning {unknown}
 D - a scroll of noise {unknown}
Potions
 j - 2 potions of lignification {unknown}
 l - 2 potions of flight {unknown}
 n - 2 potions of berserk rage {unknown}
 r - a potion of cancellation {unknown}
 t - 3 potions of curing
 u - a potion of invisibility {unknown}
 w - a potion of ambrosia {unknown}
 z - a potion of heal wounds
 A - a potion of magic {unknown}
 B - a potion of attraction {unknown}
 C - a potion of brilliance


   Skills:
 + Level 7.0 Fighting
 + Level 7.6 Throwing
 - Level 6.4 Dodging
 + Level 8.7 Unarmed Combat
 + Level 4.3 Invocations


You had 9 spell levels left.
You didn't know any spells.
Your spell library contained the following spells:

 Spells                   Type           Power      Damage    Failure   Level
 Freeze                   Ice            0%         1d3       50%         1
 Magic Dart               Conj           0%         1d3       50%         1
 Call Imp                 Summ           0%         N/A       65%         2
 Corpse Rot               Necr/Air       0%         N/A       65%         2
 Poisonous Vapours        Pois/Air       0%         N/A       65%         2
 Frozen Ramparts          Ice            0%         1d2       86%         3
 Gell's Gravitas          Tloc           0%         N/A       86%         3
 Lesser Beckoning         Tloc           0%         N/A       86%         3
 Mephitic Cloud           Conj/Pois/Air  0%         N/A       86%         3
 Teleport Other           Tloc           0%         N/A       86%         3
 Hailstorm                Conj/Ice       0%         3d3       99%         4


Dungeon Overview and Level Annotations

Branches:
Dungeon (10/15)            Temple (1/1) D:7            Lair (0/6) D:9
    Orc (0/2) D:10

Altars:
Ashenzari
Cheibriados
Dithmenos
Elyvilon
Fedhas
Gozag
Hepliaklqana
Kikubaaqudgha
Makhleb
Nemelex Xobeh
Okawaru
Qazlal
Ru
Sif Muna
Trog
Uskayaw
Vehumet
Wu Jian
Xom
Yredelemnul
Zin
The Shining One


Innate Abilities, Weirdness & Mutations

You are too large for most types of armour.
You have claws for hands.
Your natural rate of healing is unusually fast.
You are covered in fur. (AC +1)
You have tough skin. (AC +1)
Your muscles are strong. (Str +2)


Message History

The two-headed ogre is no longer paralysed.
The skeletal warrior is no longer paralysed.
The two-headed ogre hits you with a +0 giant club!!
The two-headed ogre closely misses you.
Aiming: Line Pass
Press: ? - help, Dir - move target, f/p - two-headed ogre
Aim: a two-headed ogre, wielding two +0 giant clubs (almost dead)
Okay, then.
Unknown command.
You barely miss the two-headed ogre.
The two-headed ogre is almost dead.
The acid dragon is no longer paralysed.
The vampire is no longer paralysed.
The acid dragon spits acid at you. The splash of acid hits you!
Unknown command.
The vampire hits you but does no damage.
The vampire bites you.
The vampire draws strength from your injuries!
The two-headed ogre attacks as you move away!
The two-headed ogre misses you.
The two-headed ogre hits you with a +0 giant club.
The vampire attacks as you move away!
The vampire hits you but does no damage.
The vampire bites you.
The vampire draws strength from your injuries!
The skeletal warrior hits you with a +0 war axe!!
* * * LOW HITPOINT WARNING * * *
The vampire attacks as you move away! The vampire misses you.
The vampire bites you but does no damage.
Aiming: Line Pass
Press: ? - help, Dir - move target, p - two-headed ogre
Okay, then.
Unknown command.
Unknown command.
Blink to where?
Press: ? - help, Dir - move target, p - two-headed ogre
As you read the scroll of blinking, it crumbles to dust.
The acid dragon spits acid at you. The splash of acid hits you!!
You die...

# #.#.#....##.##.#
#.#.#.._.#...8.# ###
#...#....#.....# ##.##
#..(#....#.)...# ##...##
#.#.#.._.#...8.#
##.#...###...#....##.##.#
#.....###....#.⌠.⌠####..#
##...>.......####+###...#
###...........@.........#
###.#.....##......#.#.).###
##........##.............#
####.....####.........#.##
...#.......#.........VO## #
##.#.................z..#.##
.#.#...............D...§.?.#
.#.#.......######.#...#...##
.#.#.......# ...........#


You could see a skeletal warrior, a two-headed ogre, a vampire and an acid
dragon (catching breath).

Vanquished Creatures
  A wizard (D:10)
  A manticore (D:8)
  A hornet (D:8)
  Grinder (D:5)
  Sigmund (D:2)
  2 wyverns
  2 vampires (D:10)
  A wraith (D:10)
  5 yaks
  An acid dragon (D:10)
  3 water moccasins
  2 orc warriors
  4 ice beasts
  A black bear (D:8)
  An ogre (D:5)
  2 centaurs (D:10)
  7 bullfrogs
  A necrophage (D:5)
  3 kobold brigands
  7 scorpions
  12 wights
  4 howler monkeys
  A jelly (D:6)
  An orc priest (D:10)
  2 hounds
  Terence (D:2)
  7 orc wizards
  A mummy (D:8)
  10 adders
  11 gnolls
  A shadow imp (D:7)
  A white imp (D:6)
  2 ufetubi
  3 worms
  5 dart slugs
  19 orcs
  3 bats
  5 endoplasms
  A giant cockroach (D:1)
  7 hobgoblins
  4 jackals (D:1)
  24 kobolds
  4 quokkas
  7 ball pythons
  3 frilled lizards (D:1)
  9 goblins
  A hobgoblin zombie (D:8)
  2 kobold zombies (D:8)
  An orc zombie (D:8)
  5 rats
204 creatures vanquished.

Vanquished Creatures (others)
  2 fungi (D:9)
  5 plants (D:9)
7 creatures vanquished.

Grand Total: 211 creatures vanquished

Notes
Turn   | Place    | Note
-------+----------+-------------------------------------------
     0 | D:1      | ReploidZero the Troll Gladiator began the quest for the
                  | Orb.
     0 | D:1      | Reached XP level 1. HP: 19/19 MP: 0/0
    66 | D:1      | Reached XP level 2. HP: 26/28 MP: 1/1
   292 | D:1      | Reached XP level 3. HP: 35/35 MP: 2/2
   792 | D:2      | Reached XP level 4. HP: 42/42 MP: 3/3
   920 | D:2      | Noticed Sigmund
  1119 | D:2      | Noticed Terence
  1130 | D:2      | Killed Terence
  1222 | D:2      | Killed Sigmund
  1223 | D:2      | Reached skill level 4 in Unarmed Combat
  1223 | D:2      | Reached XP level 5. HP: 52/52 MP: 4/4
  1223 | D:2      | Reached XP level 6. HP: 59/59 MP: 5/5
  1565 | D:3      | Found a faded altar of an unknown god.
  1795 | D:3      | Found an ornate altar of the Wu Jian Council.
  2186 | D:4      | Found an iron altar of Okawaru.
  2453 | D:4      | Found an opulent altar of Gozag.
  2909 | D:4      | Found a snail-covered altar of Cheibriados.
  3126 | D:5      | Entered Level 5 of the Dungeon
  3130 | D:5      | Noticed an ice beast
  3135 | D:5      | Killed an ice beast
  3136 | D:5      | Reached XP level 7. HP: 67/67 MP: 6/6
  3322 | D:5      | Found an ancient bone altar of Kikubaaqudgha.
  3420 | D:5      | Noticed Grinder
  3444 | D:5      | Killed Grinder
  3445 | D:5      | Reached skill level 5 in Unarmed Combat
  3676 | D:5      | Reached XP level 8. HP: 61/78 MP: 7/7
  4106 | D:6      | Reached skill level 5 in Throwing
  4172 | D:6      | Reached skill level 5 in Dodging
  4172 | D:6      | Reached skill level 6 in Unarmed Combat
  4336 | D:6      | Reached skill level 5 in Fighting
  4511 | D:6      | Reached XP level 9. HP: 46/84 MP: 8/8
  5066 | D:7      | Found a glowing silver altar of Zin.
  5075 | D:7      | Found a broken altar of Ashenzari.
  5314 | D:7      | Identified the +8 rapier of Lust {venom, +Blink Stlth+}
  5512 | D:7      | Found a staircase to the Ecumenical Temple.
  5577 | D:7      | Reached skill level 7 in Unarmed Combat
  5593 | Temple   | Entered the Ecumenical Temple
  5833 | Temple   | Became a worshipper of Uskayaw the Reveller
  5989 | D:8      | Noticed a manticore
  5990 | D:8      | Gained mutation: Your muscles are strong. (Str +2) [potion
                  | of mutation]
  5992 | D:8      | Reached * piety under Uskayaw
  5995 | D:8      | Reached ** piety under Uskayaw
  5998 | D:8      | Reached *** piety under Uskayaw
  5999 | D:8      | Killed a manticore
  6000 | D:8      | Reached skill level 1 in Invocations
  6040 | D:8      | Identified the +0 scale mail of Gozag's Approval {Will+
                  | Dex+3 Stlth+}
  6049 | D:8      | Reached **** piety under Uskayaw
  6635 | D:8      | Found a glowing golden altar of the Shining One.
  6831 | D:8      | Reached XP level 10. HP: 90/91 MP: 10/10
  6857 | D:9      | Found a stormy altar of Qazlal.
  6896 | D:9      | Found a burning altar of Makhleb.
  7162 | D:9      | Found a staircase to the Lair.
  7269 | D:10     | Entered Level 10 of the Dungeon
  7276 | D:10     | Reached skill level 8 in Unarmed Combat
  7565 | D:10     | Found a sacrificial altar of Ru.
  7612 | D:10     | Reached ***** piety under Uskayaw
  7753 | D:10     | Found a staircase to the Orcish Mines.
  7827 | D:10     | Found a radiant altar of Vehumet.
  7827 | D:10     | Found a bloodstained altar of Trog.
  7858 | D:10     | Noticed a wizard
  7864 | D:10     | Killed a wizard
  7898 | D:10     | Noticed a two-headed ogre
  7900 | D:10     | Noticed a skeletal warrior
  7911 | D:10     | Killed from afar by an acid dragon

Illustrated notes

Levels and vault maps discovered:
D:1:      dpeg_arrival_rooms_with_view, layout_loops_ring
D:2:      layout_basic, kennysheep_generic_room_4, uniq_terence, uniq_sigmund
D:3:      layout_rooms, nicolae_wu_jian_wuxing_cycle,
          ebering_ecumenical_altar_sacrificial
D:4:      layout_basic, mainiacjoe_overflow_surrounded_room,
          nicolae_gozag_cash_rules_everything_around_me, marbit_many_paths
D:5:      layout_gridville, mainiacjoe_overflow_alcove_2, uniq_grinder
D:6:      layout_basic
D:7:      layout_basic, mainiacjoe_overflow_large_starburst,
          minmay_temple_entry_trees, chequers_serial_rivers_micro_c,
          minmay_manual_maat
D:8:      layout_basic, lemuel_tele_altar, minmay_mini_ossuary
D:9:      layout_basic, nicolae_overflow_hidden_temple, lemuel_crystal_altar,
          grunt_lair_entry_orc_guard_hut
D:10:     layout_cross, nicolae_ru_sacrificial_ziggurat, jmf_multi_god_temple,
          orc_0_dummy, nrook_uturn, minmay_increasing_density
Temple:   chequers_temple_sunken

Skill      XL: |  1  2  3  4  5  6  7  8  9 10 |
---------------+-------------------------------+-----
Throwing       | 2 3 4 5 6 7 |  7.6
Fighting       | 2 3 4 5 6 7 |  7.0
Dodging        | 3 4 5 6 |  6.4
Unarmed Combat | 4 5 6 7 8 |  8.7
Invocations    | 2 4 |  4.3

Action                   |  1- 3 |  4- 6 |  7- 9 | 10-12 || total
-------------------------+-------+-------+-------+-------++-------
Melee: Unarmed           |   106 |   166 |   282 |    92 ||   646
       Punch             |     1 |     3 |     8 |     5 ||    17
Throw: Throwing net      |       |     3 |       |       ||     3
       Boomerang         |       |     3 |     3 |     3 ||     9
       Large rock        |       |     1 |       |       ||     1
  Use: Potion            |       |     2 |     5 |       ||     7
       Scroll            |       |       |    13 |     2 ||    15
 Stab: Sleeping          |       |     1 |     2 |       ||     3
       Paralysed         |       |       |     4 |     3 ||     7
Armor: Robe              |    40 |    75 |   124 |    38 ||   277
Dodge: Dodged            |    51 |    98 |   126 |    50 ||   325

Table legend: (Time is in decaauts)
 A = Elapsed time spent in this place.
 B = Non-inter-level travel time spent in this place.
 C = Inter-level travel time spent in this place.
 D = Time resting spent in this place.
 E = Time spent auto-exploring this place.
 F = Levels seen in this place.
 G = Mean time per level.
                   A        B        C        D        E       F      G
               +--------+--------+--------+--------+--------+-----+--------+
         Total |   7912 |   7397 |    515 |      0 |   5841 |  11 |  719.3 |
       Dungeon |   7587 |   7097 |    490 |      0 |   5592 |  10 |  758.7 |
        Temple |    325 |    300 |     25 |      0 |    249 |   1 |  325.0 |
               +--------+--------+--------+--------+--------+-----+--------+

Top non-repeatable levels by time:
     D:6: 1227 daAuts
     D:4: 1056 daAuts
     D:8: 839 daAuts
     D:2: 804 daAuts
     D:1: 755 daAuts
     D:5: 687 daAuts
     D:7: 657 daAuts
    D:10: 632 daAuts
     D:3: 491 daAuts
     D:9: 436 daAuts
  Temple: 325 daAuts
